 Dungeon Crawl Stone Soup version 0.13-a0-2531-g2ad9301 (webtiles) character file.

263 Kae the Firebug (level 5, -1/28 HPs)
             Began as a Tengu Fire Elementalist on July 26, 2013.
             Slain by a goblin
             ... wielding a +0,+0 club
              (4 damage)
             ... on Level 3 of the Dungeon.
             The game lasted 00:03:36 (2411 turns).

Kae the Firebug (Tengu Fire Elementalist)           Turns: 2411, Time: 00:03:36

HP  -1/28        AC  3     Str  8      XL: 5   Next:  9%
MP   8/11        EV 12     Int 16      God:
Gold 137         SH  0     Dex 15      Spells:  3 memorised,  2 levels left

Res.Fire  : . . .   See Invis. : .   f - +0,+1 orc mace
Res.Cold  : . . .   Warding    : .   a - +0 robe
Life Prot.: . . .   Conserve   : .   (no shield)
Res.Poison: .       Res.Corr.  : .   (helmet restricted)
Res.Elec. : .       Clarity    : .   (no cloak)
Sust.Abil.: . .     Spirit.Shd : .   g - +0 pair of gloves
Res.Mut.  : .       Stasis     : .   (boots unavailable)
Res.Rott. : .       Flight     : .   (no amulet)
Saprovore : . . .                    (no ring)
                                     (no ring)

@: slightly resistant to hostile enchantments, fairly stealthy
A: able to fly, beak, talons 3
a: Fly


You were on level 3 of the Dungeon.
You were very hungry.

You visited 1 branch of the dungeon, and saw 3 of its levels.

You collected 117 gold pieces.

Inventory:

Hand weapons
 f - a +0,+1 orcish mace (weapon)
Armour
 a - a +0 robe (worn)
 g - a +0 pair of gloves (worn)
Magical devices
 o - a wand of random effects (0)
 t - a wand of slowing (15)
Comestibles
 c - 5 bread rations
 d - 2 meat rations
 p - 2 chokos
 s - a honeycomb
Scrolls
 e - a scroll of remove curse {unknown}
 h - 2 scrolls of magic mapping {unknown}
 i - a scroll of fear {unknown}
 j - a scroll of random uselessness {unknown}
 l - a scroll of identify {unknown}
 n - a scroll of enchant weapon I {unknown}
 q - a scroll of teleportation {unknown}
 r - a scroll of enchant armour {unknown}
Jewellery
 k - a +3 ring of strength {unknown}
 m - an uncursed ring of flight {unknown}
 u - an uncursed ring of sustain abilities {unknown}
Books
 b - a book of Flames

   Spells                             Type                      Level
   *Flame Tongue                      Conjuration/Fire             1
   *Throw Flame                       Conjuration/Fire             2
   *Conjure Flame                     Conjuration/Fire             3
   Inner Flame                        Hexes/Fire                   3
   Sticky Flame                       Conjuration/Fire             4
   Fireball                           Conjuration/Fire             5


   Skills:
 - Level 2.1 Dodging
 - Level 2.0 Stealth
 + Level 2.0 Spellcasting
 * Level 4.2 Conjurations
 + Level 4.5 Fire Magic


You had 2 spell levels left.
You knew the following spells:

 Your Spells              Type           Power        Failure   Level  Hunger
a - Flame Tongue          Conj/Fire      ###..        4%          1    #......
b - Throw Flame           Conj/Fire      ###...       8%          2    ###....
c - Conjure Flame         Conj/Fire      ###.....     12%         3    ####...


Dungeon Overview and Level Annotations

Branches:
Dungeon (3/27)

Altars:
the Shining One

Annotations
D:2 Sigmund


Innate Abilities, Weirdness & Mutations

You can fly.
You have a beak for a mouth.
You have claws for feet.


Message History

Aim: a jackal The flame hits the jackal.
The jackal is almost dead.
You are feeling very hungry.
The jackal closely misses you.
Casting: Flame Tongue
Confirm with . or Enter, or press ? or * to list all spells.
Aiming: Flame Tongue
Press: ? - help, Shift-Dir - straight line, f/p - jackal
Aim: a jackal (almost dead)
The flame hits the jackal.
You kill the jackal!
Your Spellcasting skill increases to level 2!
The goblin barely misses you.
A worm comes into view.
The goblin hits you but does no damage. The goblin hits you with a club.
* * * LOW HITPOINT WARNING * * *
The goblin hits you with a club.
You die...

....%# #.# #......?.# .....# #.#
#........# .....# #.# #..%.!...#
%....# #.# #.......># .....# #.#
#####........# .....# #.#
#............# ###..# #.#
#.###........#
###..######%###.#############
.(............%.@.....w.......
###...#####......g...........#
###...# #...#.############.#
......# #...#.# #.# ###...#
#...#.# #.# ##.## #...#.# #.#
####.##########.############.####
.................................
####.##########.############.####


You could see a worm and a goblin.

Vanquished Creatures
  8 adders
  2 giant geckos
  An ooze (D:1)
  4 bats
  A giant cockroach (D:3)
  7 hobgoblins
  A jackal (D:3)
  8 kobolds
  A quokka (D:3)
  2 giant newts
  8 goblins
  8 rats
51 creatures vanquished.

Notes
Turn   | Place    | Note
--------------------------------------------------------------
     0 | D:1      | Kae, the Tengu Fire Elementalist, began the quest for the Orb.
     0 | D:1      | Reached XP level 1. HP: 10/10 MP: 3/3
   195 | D:1      | Reached XP level 2. HP: 15/15 MP: 3/5
   231 | D:1      | Learned a level 2 spell: Throw Flame
   652 | D:1      | Reached XP level 3. HP: 19/19 MP: 1/6
   793 | D:1      | Found a glowing golden altar of the Shining One.
  1008 | D:2      | Noticed Sigmund
  1030 | D:2      | Reached skill level 4 in Fire Magic
  1486 | D:2      | Reached XP level 4. HP: 11/24 MP: 4/8
  1886 | D:3      | Learned a level 3 spell: Conjure Flame
  2316 | D:3      | Reached XP level 5. HP: 19/28 MP: 1/11
  2411 | D:3      | Slain by a goblin

Action                   |  1- 3 |  4- 6 || total
-------------------------+-------+-------++-------
Melee: Unarmed           |    10 |       ||    10
       Mace              |     1 |     4 ||     5
 Cast: Flame Tongue      |    55 |    36 ||    91
Evoke: Wand              |       |     4 ||     4
  Use: Potion            |       |     3 ||     3
